 Dungeon Crawl Stone Soup version 0.18.1-50-g88ac8fd (webtiles) character file.

64593 varam the Unseen (level 14, -2/77 HPs)
             Began as a Spriggan Enchanter on Oct 19, 2016.
             Was an Initiate of Gozag.
             Slain by a death yak (8 damage)
             ... on level 8 of the Lair of Beasts.
             The game lasted 01:24:51 (27073 turns).

varam the Unseen (Spriggan Enchanter)              Turns: 27073, Time: 01:24:53

Health: -2/77      AC:  8    Str:  4    XL:     14   Next: 72%
Magic:  0/25       EV:  4    Int: 20    God:    Gozag
Gold:   5481       SH:  0    Dex: 18    Spells: 4 memorised, 18 levels left

rFire  . . .     SeeInvis +     O - +1 short sword (venom)
rCold  . . .     Gourm    .     P - +1 robe {MR+}
rNeg   + + +     Faith    .     D - -1 buckler (curse)
rPois  ∞         Spirit   +     b - +2 hat {Spirit}
rElec  .         Dismiss  .     N - +2 cloak
rCorr  .         Reflect  +     (gloves unavailable)
SustAt .         Harm     .     (boots unavailable)
MR     ++++.                    I - +4 amulet of reflection
Stlth  +++++++++.               v - ring of poison resistance
                                Q - ring of protection from magic

@: petrified, gold aura, very quick, incredibly resistant to hostile
enchantments, incredibly stealthy
A: unfitting armour, see invisible, herbivore 3, speed 3, slow metabolism 2
a: Potion Petition, Call Merchant, Bribe Branch, Renounce Religion


You were on level 8 of the Lair of Beasts.
You worshipped Gozag.
Gozag was noncommittal.
You were not hungry.

You visited 3 branches of the dungeon, and saw 21 of its levels.
You also visited: Volcano.

You collected 5898 gold pieces.
You spent 268 gold pieces at shops.
You paid 149 gold pieces to Gozag.

Inventory:

Hand Weapons
 w - a +1 dagger of speed
 B - a +0 short sword of holy wrath
 O - a +1 short sword of venom (weapon)
Missiles
 H - 288 stones (quivered)
Armour
 b - a +2 hat of spirit shield (worn)
 D - a cursed -1 buckler (worn)
 N - a +2 cloak (worn)
 P - a +1 robe of magic resistance (worn)
Jewellery
 t - an uncursed ring of protection from magic
 v - a ring of poison resistance (right hand)
 z - an uncursed ring of sustain attributes
 I - a +4 amulet of reflection (around neck)
 Q - a ring of protection from magic (left hand)
 U - an uncursed ring of protection from fire
Wands
 p - a wand of acid (3/15)
 F - a wand of teleportation (4/9)
 G - a wand of acid (3/15)
 Z - a wand of flame (17/48)
Scrolls
 e - a scroll of immolation
 j - 2 scrolls of magic mapping
 m - 3 scrolls of recharging
 n - a scroll of blinking
 o - 2 scrolls of fog
 q - 10 scrolls of teleportation
 s - 3 scrolls of remove curse
 x - a scroll of enchant armour
 y - 2 scrolls of summoning
 E - 8 scrolls of amnesia
 J - a scroll of fear
 R - a scroll of silence
Potions
 g - 8 potions of curing
 h - 2 potions of resistance
 i - 3 potions of berserk rage
 k - 4 potions of flight
 l - 2 potions of heal wounds
 A - 2 potions of might
 C - a potion of magic
 M - 2 potions of haste
 S - a potion of cancellation
 T - a potion of agility
 V - a potion of cure mutation
 W - a potion of brilliance
 Y - a potion of lignification {unknown}
Books
 c - a book of Maledictions

   Spells                             Type                      Level
   a - Corona                         Hexes                        1
   b - Ensorcelled Hibernation        Hexes/Ice                    2
   c - Confuse                        Hexes                        3
   d - Tukima's Dance                 Hexes                        3
   e - Dazzling Spray                 Conjuration/Hexes            3
 r - a book of Annihilations

   Spells                             Type                      Level
   a - Poison Arrow                   Conjuration/Poison           6
   b - Chain Lightning                Conjuration/Air              8
   c - Lehudib's Crystal Spear        Conjuration/Earth            8
   d - Glaciate                       Conjuration/Ice              9
   e - Fire Storm                     Conjuration/Fire             9
 u - a Grand Grimoire

   Spells                             Type                      Level
   a - Monstrous Menagerie            Summoning                    7
   b - Summon Greater Demon           Summoning                    7
   c - Malign Gateway                 Summoning/Translocation      7
   d - Summon Horrible Things         Summoning                    8
 K - the Tome of Damaging Flames
   (You found it on level 4 of the Lair of Beasts)

   Spells                             Type                      Level
   a - Ignite Poison                  Fire/Transmutation/Poison    3
   b - Force Lance                    Conjuration/Translocation    4
   c - Venom Bolt                     Conjuration/Poison           5
   d - Conjure Ball Lightning         Conjuration/Air              6
 L - a book of Flames

   Spells                             Type                      Level
   a - Flame Tongue                   Conjuration/Fire             1
   b - Throw Flame                    Conjuration/Fire             2
   c - Conjure Flame                  Conjuration/Fire             3
   d - Inner Flame                    Hexes/Fire                   3
   e - Sticky Flame                   Conjuration/Fire             4
   f - Fireball                       Conjuration/Fire             5
Miscellaneous
 a - a phantom mirror
Comestibles
 d - 4 bread rations
 f - 12 fruits
 X - a royal jelly


   Skills:
 - Level 10.0 Fighting
 - Level 10.2 Short Blades
 - Level 15.0 Dodging
 + Level 19.8 Stealth
 - Level 3.3 Shields
 + Level 7.0 Spellcasting
 - Level 6.0 Conjurations
 - Level 10.0 Hexes
 - Level 0.8 Ice Magic


You had 18 spell levels left.
You knew the following spells:

 Your Spells              Type           Power        Failure   Level  Hunger
a - Ensorcelled Hibernat  Hex/Ice        ####..       1%          2    None
b - Corona                Hex            #####..      1%          1    None
c - Confuse               Hex            #####...     1%          3    #......
d - Dazzling Spray        Conj/Hex       #####.       1%          3    #......


Dungeon Overview and Level Annotations

Branches:
Dungeon (12/15)            Temple (1/1) D:7            Lair (8/8) D:10
 Shoals (0/4) Lair:3        Snake (0/4) Lair:4        Slime (0/6) Lair:7
    Orc: D:9-12

Altars:
Ashenzari
Cheibriados
Dithmenos
Elyvilon
Fedhas
Gozag
Kikubaaqudgha
Makhleb
Nemelex Xobeh
Okawaru
Pakellas
Qazlal
Ru
Sif Muna
Trog
Vehumet
Xom
Yredelemnul
Zin
The Shining One
Jiyva

Shops:
D:9 (   D:10 *   D:12 *

Annotations:
D:10 exclusion: 2 statues
D:12 Kirke


Innate Abilities, Weirdness & Mutations

You are tiny and cannot use many weapons and most armour.
You have supernaturally acute eyesight.
You are a herbivore.
You cover ground extremely quickly.
You need consume almost no food.


Message History

The death yak gores you. The yak gores you but does no damage.
The death yak gores you!
* * * LOW HITPOINT WARNING * * *
The death yak gores you.
* * * LOW HITPOINT WARNING * * *
The yak completely misses you. The death yak gores you.
* * * LOW HITPOINT WARNING * * *
The death yak gores you!
* * * LOW HITPOINT WARNING * * *
The yak gores you.
* * * LOW HITPOINT WARNING * * *
The death yak gores you!
* * * LOW HITPOINT WARNING * * *
The death yak snorts and paws the ground.
The death yak gores you but does no damage.
The yak gores you!
* * * LOW HITPOINT WARNING * * *
The death yak gores you!!
You die...
Your body crumbles into a pile of gold.

#...## #..##
### ##..P
##..### ### #
#..# ##...##P.#
##...##
###......##
###..##
###...##....#
##P...#
##...####...##
#......###...##
#...[#
#....YY#...##
######
#P..Y@...##
##(P##.### ##
### $ $$


You could see 2 death yaks and a yak.

Vanquished Creatures
  Rupert (Lair:3)
  Gastronok (D:10)
  11 hydras
  2 catoblepae (Lair:8)
  The ghost of baljet the Blocker, a journeyman GrEE of Vehumet (Lair:1)
  8 death yaks
  Nergalle (Lair:1)
  A fire crab (Lair:7)
  2 unseen horrors
  A lindwurm (Lair:8)
  The ghost of Capuchin the Skirmisher, a novice MiFi of Okawaru (D:7)
  Pikel (D:5)
  2 hill giants
  3 ugly things (D:11)
  8 elephants
  8 black mambas
  A siren (Lair:3)
  A centaur zombie (D:11)
  A torpor snail (Lair:5)
  16 spiny frogs
  Maurice (D:10)
  7 komodo dragons
  4 rime drakes
  3 trolls (D:12)
  10 blink frogs
  Prince Ribbit (D:7)
  2 flying skulls (Volcano)
  9 spriggans (Lair:3)
  A shadow (D:11)
  A vampire (Volcano)
  4 wyverns
  A hog (D:12)
  43 yaks
  A basilisk (Lair:4)
  7 fire bats
  A vampire mosquito (D:12)
  11 hippogriffs
  2 hungry ghosts
  5 nagas (Lair:4)
  19 water moccasins
  11 porcupines
  3 ice beasts
  A slave (D:5)
  An eye of draining (D:12)
  5 orc warriors
  3 phantoms
  5 sky beasts
  5 ogres
  2 necrophages
  9 wolves
  The ghost of lorenzova the Ducker, an amateur MfSk (D:3)
  7 centaurs
  12 crocodiles
  4 big kobolds
  17 giant frogs
  A water moccasin zombie (D:9)
  2 scorpions
  A wyvern skeleton (D:12)
  8 killer bees (D:10)
  2 electric eels
  A howler monkey (D:9)
  2 crimson imps
  3 giant frog zombies
  2 jellies
  3 giant frog skeletons
  9 hounds
  16 orc wizards
  9 orc priests
  12 iguanas
  6 worker ants
  2 sheep (Lair:8)
  2 hound zombies
  2 mummies (Volcano)
  A worker ant zombie (D:8)
  11 adders
  74 river rats
  2 shadow imps
  12 white imps
  An adder skeleton (D:9)
  A worm (D:2)
  5 dart slugs
  5 giant geckos
  62 orcs
  7 giant cockroaches
  7 hobgoblins
  2 jackals (D:1)
  4 quokkas
  A ball python (D:2)
  9 bats
  3 giant newts
  6 goblins
  25 kobolds
  A quokka skeleton (D:7)
  A quokka zombie (D:6)
  5 rats
  2 fungi
620 creatures vanquished.

Vanquished Creatures (others)
  A yak (Lair:7)
  6 fungi
  7 plants
14 creatures vanquished.

Grand Total: 634 creatures vanquished

Notes
Turn   | Place    | Note
--------------------------------------------------------------
     0 | D:1      | varam the Spriggan Enchanter began the quest for the Orb.
     0 | D:1      | Reached XP level 1. HP: 9/9 MP: 5/5
   431 | D:1      | Reached XP level 2. HP: 12/13 MP: 6/6
   435 | D:1      | Learned a level 2 spell: Ensorcelled Hibernation
  1146 | D:2      | Reached XP level 3. HP: 16/16 MP: 5/8
  1151 | D:2      | Learned a level 3 spell: Confuse
  1178 | D:2      | Reached skill level 5 in Stealth
  1651 | D:3      | Reached XP level 4. HP: 21/21 MP: 9/9
  1665 | D:3      | Noticed lorenzova's ghost (amateur MfSk)
  1966 | D:3      | Found a shadowy altar of Dithmenos.
  2217 | D:3      | Reached skill level 6 in Stealth
  2324 | D:3      | Found a bloodstained altar of Trog.
  2504 | D:3      | Found a glowing silver altar of Zin.
  2746 | D:3      | Killed lorenzova's ghost
  2746 | D:3      | Reached skill level 7 in Stealth
  2746 | D:3      | Reached XP level 5. HP: 16/24 MP: 7/10
  3128 | D:4      | Noticed a hungry ghost
  3302 | D:4      | Killed a hungry ghost
  3302 | D:4      | Reached XP level 6. HP: 27/28 MP: 7/11
  3324 | D:4      | Reached skill level 8 in Stealth
  3485 | D:4      | Found an ancient bone altar of Kikubaaqudgha.
  3870 | D:5      | Entered Level 5 of the Dungeon
  4053 | D:5      | Found an iron altar of Okawaru.
  4193 | D:5      | Noticed a sky beast
  4289 | D:5      | Killed a sky beast
  4289 | D:5      | Reached skill level 5 in Short Blades
  4289 | D:5      | Reached XP level 7. HP: 32/32 MP: 3/12
  4435 | D:5      | Noticed Pikel
  4567 | D:6      | Noticed a wyvern
  4570 | D:6      | Killed a wyvern
  4570 | D:6      | Reached skill level 5 in Hexes
  4856 | D:6      | Reached XP level 8. HP: 28/36 MP: 0/15
  5493 | D:5      | Killed Pikel
  5493 | D:5      | Reached skill level 5 in Dodging
  6293 | D:7      | Reached XP level 9. HP: 40/44 MP: 2/16
  6778 | D:7      | Found a staircase to the Ecumenical Temple.
  6790 | Temple   | Entered the Ecumenical Temple
  6845 | Temple   | Became a worshipper of Gozag Ym Sagoz the Greedy
  6951 | D:7      | Reached skill level 9 in Stealth
  7033 | D:7      | Noticed Prince Ribbit
  7049 | D:7      | Killed Prince Ribbit
  7319 | D:7      | Reached skill level 10 in Stealth
  7489 | D:7      | Noticed Capuchin's ghost (novice MiFi)
  7505 | D:7      | Killed Capuchin's ghost
  7505 | D:7      | Reached skill level 11 in Stealth
  8020 | D:8      | Reached XP level 10. HP: 45/49 MP: 7/17
  8030 | D:8      | Reached skill level 12 in Stealth
  8417 | D:8      | Reached skill level 5 in Spellcasting
  8449 | D:8      | Found a shattered altar of Ashenzari.
  8843 | D:9      | Found Voplyop's Antique Weapon Shoppe.
  9630 | D:10     | Entered Level 10 of the Dungeon
  9803 | D:10     | Found a staircase to the Lair.
  9813 | D:10     | Noticed Maurice
  9834 | D:10     | Noticed a hill giant
  9862 | D:10     | Killed a hill giant
  9862 | D:10     | Reached skill level 5 in Fighting
 10135 | D:10     | Noticed Gastronok
 10182 | D:10     | Killed Gastronok
 10182 | D:10     | Reached XP level 11. HP: 57/57 MP: 7/21
 10205 | D:10     | Noticed an unseen horror
 10214 | D:10     | Killed an unseen horror
 10359 | D:10     | Killed Maurice
 10886 | D:10     | Noticed an archer statue
 10949 | D:10     | Found Reummir's Assorted Antiques.
 10979 | D:10     | Bought a scroll of identify for 68 gold pieces
 10979 | D:10     | Bought a scroll of identify for 68 gold pieces
 11318 | D:10     | Noticed an archer statue
 11347 | D:11     | Noticed a red ugly thing
 11353 | D:11     | Killed a red ugly thing
 11428 | D:11     | Reached skill level 10 in Hexes
 11725 | D:11     | Reached skill level 13 in Stealth
 11762 | D:11     | Noticed a green ugly thing
 11776 | D:11     | Killed a green ugly thing
 11867 | D:11     | Reached skill level 10 in Short Blades
 11885 | D:11     | Noticed an unseen horror
 11925 | D:11     | Killed an unseen horror
 12074 | D:11     | Noticed a red ugly thing
 12096 | D:11     | Killed a red ugly thing
 12096 | D:11     | Reached skill level 10 in Dodging
 12776 | D:12     | Noticed a hill giant
 12784 | D:12     | Killed a hill giant
 12784 | D:12     | Reached skill level 14 in Stealth
 13655 | D:12     | Found Bueva's Assorted Antiques.
 13674 | D:12     | Bought a scroll of identify for 66 gold pieces
 13674 | D:12     | Bought a scroll of identify for 66 gold pieces
 13729 | D:12     | Noticed Kirke
 13955 | Lair:1   | Entered Level 1 of the Lair of Beasts
 13987 | D:10     | Learned a level 3 spell: Dazzling Spray
 14013 | Lair:1   | Found a frozen archway.
 14034 | Lair:1   | Noticed Nergalle
 14371 | Lair:1   | Killed Nergalle
 14371 | Lair:1   | Reached XP level 12. HP: 58/62 MP: 12/22
 14699 | Lair:1   | Noticed baljet's ghost (journeyman GrEE)
 15318 | Lair:1   | Killed baljet's ghost
 15692 | Lair:1   | Noticed a five-headed hydra
 15711 | Lair:1   | Killed a five-headed hydra
 15711 | Lair:1   | Reached skill level 15 in Stealth
 15853 | Lair:2   | Found a dark tunnel.
 15858 | Volcano  | Entered a volcano
 17521 | Lair:3   | Reached skill level 15 in Dodging
 17825 | Lair:3   | Reached skill level 1 in Conjurations
 17901 | Lair:3   | Reached skill level 16 in Stealth
 17913 | Lair:3   | Found a staircase to the Shoals.
 17938 | Lair:3   | Noticed Rupert
 17948 | Lair:3   | Killed Rupert
 18051 | Lair:3   | Reached XP level 13. HP: 66/67 MP: 2/23
 19264 | Lair:4   | Reached skill level 17 in Stealth
 19266 | Lair:4   | Found a staircase to the Snake Pit.
 19421 | Lair:4   | Identified the Tome of Damaging Flames
 20935 | Lair:5   | Reached skill level 18 in Stealth
 21319 | Lair:6   | Reached skill level 5 in Conjurations
 22255 | Lair:4   | Reached XP level 14. HP: 68/75 MP: 12/24
 23919 | Lair:7   | Reached skill level 19 in Stealth
 24500 | Lair:7   | Found a staircase to the Slime Pits.
 24501 | Lair:7   | Found a viscous altar of Jiyva.
 25283 | Lair:8   | Entered Level 8 of the Lair of Beasts
 25458 | Lair:8   | Reached skill level 10 in Fighting
 25912 | Lair:8   | Reached skill level 1 in Shields
 27073 | Lair:8   | Slain by a death yak

Skill      XL: |  1  2  3  4  5  6  7  8  9 10 11 12 13 14 |
---------------+-------------------------------------------+-----
Hexes          | 4 7 8 9 10 | 10.0
Spellcasting   | 3 4 6 7 |  7.0
Stealth        | 5 7 8 11 12 14 16 18 19 | 19.8
Short Blades   | 2 4 5 8 10 | 10.2
Fighting       | 3 6 7 9 10 | 10.0
Dodging        | 7 8 12 15 | 15.0
Conjurations   | 2 5 6 |  6.0
Shields        | 3 |  3.3
Ice Magic      | |  0.8

Action                   |  1- 3 |  4- 6 |  7- 9 | 10-12 | 13-15 || total
-------------------------+-------+-------+-------+-------+-------++-------
Melee: Dagger            |    93 |    98 |   428 |  1035 |    99 ||  1753
       Short sword       |       |       |       |    54 |   663 ||   717
Throw: Stone             |       |       |       |     5 |     5 ||    10
 Cast: Corona            |     6 |       |       |       |       ||     6
       Ensorcelled Hiber |    23 |    31 |    26 |    53 |    29 ||   162
       Confuse           |     1 |    20 |    51 |   199 |    58 ||   329
       Dazzling Spray    |       |       |       |    22 |   158 ||   180
Evoke: Wand              |       |       |       |       |     1 ||     1
  Use: Scroll            |       |       |     5 |    12 |    13 ||    30
 Stab: Sleeping          |    28 |    22 |    30 |    77 |    69 ||   226
       Confused          |     1 |     8 |    33 |   127 |    39 ||   208
       Distracted        |       |     1 |     2 |     1 |     5 ||     9
       Invisible         |       |       |       |    15 |    64 ||    79
  Eat: Bread ration      |       |     2 |       |     3 |     2 ||     7
       Pizza             |       |       |     1 |     1 |     1 ||     3
       Royal jelly       |       |       |     1 |     1 |       ||     2
       Fruit             |       |       |       |       |     1 ||     1
Armor: Robe              |    10 |    11 |     9 |    24 |    46 ||   100
Dodge: Dodged            |    88 |    60 |   126 |   431 |   636 ||  1341
Block: Buckler           |       |       |       |       |    11 ||    11
       Other             |       |       |       |       |    11 ||    11
